AoeStats
← jorge_luis_sh

Arabia

510914598Analyzed
2v2 RM · 9h ago on Oct 3, 2026· 39m 5s· 4 players
Game mode
Random Map
Map size
Medium (4 player)
Population
200
Speed
Normal
Resources
Standard
Victory
Conquest
Starting age
Dark Age
Ending age
Imperial Age
RankedLock teamsTeams togetherTeam positionsShared explorationLock speedFull tech treeHidden civsTurbo modeCheats
Victory
Defeat
🇩🇪 Turks · Germany
963
+17
🇲🇽 Lithuanians · Mexico
931
+18
🇹🇼 Malians · Taiwan
1010
-19
🇺🇸 Saxons · United States
955
-16
mxn
7:58 Loom
10:08 Feudal Age
10:47 Double-Bit Axe
11:57 Horse Collar
20:00 Castle Age
19:03 Bloodlines
19:11 Forging
22:41 Heavy Plow
28:05 Wheelbarrow
38:55 Hand Cart
42:07 Imperial Age
jorge_luis_sh
0:27 Loom
9:49 Feudal Age
11:15 Wheelbarrow
17:00 Castle Age
15:36 Horse Collar
18:56 Fervor
23:14 Hand Cart
24:39 Fletching
25:40 Bodkin Arrow
30:26 Hill Forts
30:50 Town Watch
33:16 Heavy Plow
33:03 Double-Bit Axe
34:17 Bodkin Arrow
34:33 Forging
40:53 Imperial Age
qvbcheng
13:06 Feudal Age
18:41 Castle Age
17:05 Double-Bit Axe
17:19 Horse Collar
17:45 Gold Mining
18:22 Stone Mining
19:19 Forging
20:21 Squires
24:53 Bow Saw
27:57 Scale Mail Armor
31:22 Fletching
36:28 Chain Mail Armor
37:34 Iron Casting
Japanese2009
8:01 Loom
10:38 Feudal Age
15:41 Castle Age
15:16 Stone Mining
15:19 Double-Bit Axe
16:00 Horse Collar
16:14 Fletching
16:32 Squires
20:18 Town Watch
21:03 Gold Mining
25:46 Arson
26:34 Scale Mail Armor
29:12 Wheelbarrow
35:04 Forging
Connection lost

Rejoining the realm…

Still unreachable

The connection could not be restored.

Session expired

The server has moved on; the page needs a fresh start.